 Dungeon Sprint DCSS version bcrawl-1.17.3 (webtiles) character file.

Game seed: 8617443332645811079

6874 Freyura the Champion of Chaos (level 10, -8/88 HPs)
             Began as a Demonspawn Gladiator on Oct 20, 2019.
             Was the Champion of Makhleb.
             Mangled by an orc knight
             ... wielding a +3 glaive
              (19 damage)
             ... in the Dungeon (Sprint IX: "|||||||||||||||||||||||||||||").
             The game lasted 00:13:26 (1368 turns).

Freyura the Champion of Chaos (DsGl)                Turns: 1368, Time: 00:13:26

Health: -8/88      AC: 10    Str: 14    XL:     10   Next: 78%
Magic:  0/20       EV: 20    Int: 10    God:    Makhleb [******]
Gold:   132        SH:  0    Dex: 24    Spells: 9/9 levels left

rFire    . . .     SeeInvis .   o - +4 quarterstaff (speed)
rCold    + . .     Gourm    .   (shield currently unavailable)
rNeg     . . .     Faith    .   c - +2 scale mail {rC+}
rPois    .         Spirit   +   (helmet restricted)
rElec    .         Reflect  .   (no cloak)
rCorr    .         Harm     .   p - +0 pair of gloves
MR       .....     NoTele   +   x - +0 pair of boots
Stlth    ++........             (no amulet)
HPRegen  0.24/turn              r - +3 ring of dexterity
MPRegen  0.17/turn              s - +3 ring of dexterity

@: heavily drained
A: antennae 1, magic shield, sturdy frame 2
a: Minor Destruction, Lesser Servant of Makhleb, Major Destruction, Greater
Servant of Makhleb, Renounce Religion


You were in the Dungeon.
You worshipped Makhleb.
Makhleb was exalted by your worship.
You were hungry.

You visited 1 branch You collected 132 gold pieces.

Inventory:

Hand Weapons
 o - a +4 quarterstaff of speed (weapon)
Missiles
 d - 3 throwing nets (quivered) {!f}
Armour
 c - a +2 scale mail of cold resistance (worn)
 p - a +0 pair of gloves (worn)
 x - a +0 pair of boots (worn)
Jewellery
 r - a +3 ring of dexterity (left hand)
 s - a +3 ring of dexterity (right hand)
Wands
 n - a wand of acid (10)
Scrolls
 k - 3 scrolls of blinking
 l - 5 scrolls of remove curse
 m - 2 scrolls of amnesia
 v - a scroll of fog
 w - a scroll of fear
Potions
 a - a potion of agility
 b - 2 potions of mutation
 e - 5 potions of curing
 g - a potion of invisibility
 h - a potion of haste
 i - a potion of magic
 j - a potion of brilliance
Comestibles
 f - 12 rations {!d}


   Skills:
 + Level 11.6(10.2) Fighting
 + Level 12.0(10.6) Staves
 + Level 10.5(9.1) Throwing
 + Level 11.5(10.1) Dodging
 - Level 1.8(0.7) Stealth
 + Level 13.7(12.2) Invocations


You had 9 spell levels left.
You didn't know any spells.
Your spell library was empty.

Dungeon Overview and Level Annotations

Branches:
Dungeon (1/1)

Altars:
Cheibriados
Dithmenos
Elyvilon
Fedhas
Gozag
Hepliaklqana
Kikubaaqudgha
Lugonu
Makhleb
Nemelex Xobeh
Okawaru
Qazlal
Ru
Sif Muna
Trog
Uskayaw
Vehumet
Wu Jian
Xom
Yredelemnul
Zin
The Shining One
Beogh
Jiyva


Innate Abilities, Weirdness & Mutations

You have a pair of small antennae on your head.
When hurt, damage is shared between your health and your magic reserves.
Your movements are less encumbered by armour. (ER -4)


Message History

You feel much better.
The orc knight hits you but does no damage.
You feel drained.
The orc knight roars a battlecry!
The orc warrior goes into a battle-frenzy!
An orc warrior comes into view. It is wielding a -1 trident.
Magic courses through your body.
The orc warrior shouts!
The orc knight completely misses you. The orc knight closely misses you.
You hit the orc knight.
The orc knight is almost dead.
The orc knight hits you with a +1 dire flail of draining!!
* * * LOW HITPOINT WARNING * * *
You feel drained.
* * * LOW HITPOINT WARNING * * *
You barely miss the orc knight.
The orc knight is almost dead.
The orc knight no longer looks unusually strong.
The orc knight hits you from afar with a +3 glaive!!
You die...

▓_▓.▓.▓.▓
▓_▓.▓.▓.▓o▓
▓_▓.▓†▓.▓o▓
▓_▓.▓†▓.▓o▓
▓_▓.▓†▓.▓o▓
▓_▓.▓.▓.▓o▓
▓_▓.▓.▓.▓o▓
▓_▓.▓.▓.▓o▓
▓_▓.▓.▓.▓@▓
▓_▓.▓.▓.▓.▓
▓_▓.▓.▓.▓.▓
▓_▓.▓.▓[▓.▓
▓_▓.▓.▓.▓)▓
▓_▓.▓†▓.▓)▓
▓_▓.▓†▓.▓)▓
▓_▓.▓.▓.▓$▓
▓_▓.▓.▓.▓)▓


You could see 2 orc knights and 5 orc warriors.

Vanquished Creatures
  A hydra (D)
  A centaur warrior (D)
  Sonja (D)
  An orc knight (D)
  A manticore (D)
  A komodo dragon (D)
  2 rime drakes (D)
  A hippogriff (D)
  A wyvern (D)
  2 yaks (D)
  A warg (D)
  2 hell hounds (D)
  4 water moccasins (D)
  3 porcupines (D)
  A sky beast (D)
  An orc warrior (D)
  An ogre (D)
  An eye of draining (D)
  A centaur (D)
  5 wolves (D)
  4 crocodiles (D)
  A bullfrog (D)
  A howler monkey (D)
  An orc priest (D)
  An ooze (D)
  A dart slug (D)
  3 orcs (D)
  A bat zombie (D)
  A giant cockroach (D)
  A goblin (D)
  2 jackals (D)
  A jackal zombie (D)
  A quokka zombie (D)
  A rat (D)
52 creatures vanquished.

Vanquished Creatures (collateral kills)
  Urug (D)
  3 orc warriors (D)
  2 orc priests (D)
  An orc wizard (D)
  7 orcs (D)
14 creatures vanquished.

Vanquished Creatures (others)
  A vampire (D)
1 creature vanquished.

Grand Total: 67 creatures vanquished

Notes
Turn   | Place    | Note
-------+----------+-------------------------------------------
     0 | D        | Freyura the Demonspawn Gladiator began the quest for the
                  | Orb.
     0 | D        | Reached XP level 1. HP: 16/16 MP: 1/1
    15 | D        | Gained mutation: Your movements are slightly less
                  | encumbered by armour. (ER -2) [demonic ancestry]
    15 | D        | Reached XP level 2. HP: 9/22 MP: 2/2
   192 | D        | Noticed a sky beast
   192 | D        | Noticed a howler monkey
   200 | D        | Killed a howler monkey
   200 | D        | Reached skill level 1 in Stealth
   200 | D        | Gained mutation: Your movements are less encumbered by
                  | armour. (ER -4) [demonic ancestry]
   200 | D        | Reached XP level 3. HP: 16/29 MP: 3/3
   213 | D        | HP: 1/29 [sky beast (6)]
   218 | D        | Killed a sky beast
   218 | D        | Reached skill level 5 in Dodging
   218 | D        | Reached XP level 4. HP: 3/37 MP: 4/4
   218 | D        | Gained mutation: When hurt, damage is shared between your
                  | health and your magic reserves. [demonic ancestry]
   218 | D        | Reached XP level 5. HP: 4/42 MP: 5/5
   475 | D        | Found a roughly hewn altar of Beogh.
   475 | D        | Found a snail-covered altar of Cheibriados.
   475 | D        | Found a shadowy altar of Dithmenos.
   475 | D        | Found a white marble altar of Elyvilon.
   475 | D        | Found a blossoming altar of Fedhas.
   475 | D        | Found an opulent altar of Gozag.
   476 | D        | Found a hazy altar of Hepliaklqana.
   477 | D        | Found a viscous altar of Jiyva.
   478 | D        | Found an ancient bone altar of Kikubaaqudgha.
   479 | D        | Found a corrupted altar of Lugonu.
   480 | D        | Found a burning altar of Makhleb.
   481 | D        | Found a sparkling altar of Nemelex Xobeh.
   482 | D        | Found an iron altar of Okawaru.
   483 | D        | Found a stormy altar of Qazlal.
   484 | D        | Found a sacrificial altar of Ru.
   485 | D        | Found a shimmering blue altar of Sif Muna.
   486 | D        | Found a bloodstained altar of Trog.
   487 | D        | Found a hide-covered altar of Uskayaw.
   488 | D        | Became a worshipper of Makhleb the Destroyer
   489 | D        | Found a radiant altar of Vehumet.
   490 | D        | Found an ornate altar of the Wu Jian Council.
   491 | D        | Found a shimmering altar of Xom.
   492 | D        | Found a basalt altar of Yredelemnul.
   493 | D        | Found a glowing silver altar of Zin.
   494 | D        | Found a glowing golden altar of the Shining One.
   541 | D        | Noticed an eye of draining
   541 | D        | Noticed an ogre
   545 | D        | Killed an ogre
   545 | D        | Reached skill level 3 in Invocations
   551 | D        | Killed an eye of draining
   551 | D        | Reached skill level 5 in Fighting
   551 | D        | Reached skill level 4 in Invocations
   551 | D        | Reached XP level 6. HP: 51/51 MP: 0/9
   554 | D        | Reached * piety under Makhleb
   562 | D        | Reached ** piety under Makhleb
   566 | D        | Noticed a yak
   566 | D        | Noticed a manticore
   566 | D        | Noticed a centaur warrior
   566 | D        | Noticed a vampire
   575 | D        | Killed a vampire
   575 | D        | Reached skill level 5 in Invocations
   595 | D        | Killed a centaur warrior
   595 | D        | Reached skill level 8 in Invocations
   595 | D        | Reached XP level 7. HP: 24/60 MP: 1/13
   595 | D        | Gained mutation: You have a pair of small antennae on your
                  | head. [demonic ancestry]
   595 | D        | Reached XP level 8. HP: 26/67 MP: 1/14
   607 | D        | Killed a manticore
   607 | D        | Reached skill level 9 in Invocations
   616 | D        | Reached *** piety under Makhleb
   817 | D        | Noticed a komodo dragon
   823 | D        | Reached skill level 10 in Invocations
   824 | D        | Noticed a rime drake
   828 | D        | Killed a komodo dragon
   828 | D        | Reached skill level 10 in Staves
   828 | D        | Reached XP level 9. HP: 76/76 MP: 13/16
   831 | D        | Reached **** piety under Makhleb
   850 | D        | Killed a rime drake
   850 | D        | Reached skill level 11 in Invocations
   857 | D        | Reached ***** piety under Makhleb
   857 | D        | Reached skill level 10 in Dodging
   868 | D        | Noticed a four-headed hydra
   868 | D        | Noticed a rime drake
   874 | D        | Killed a rime drake
   874 | D        | Reached skill level 10 in Fighting
   895 | D        | Killed a four-headed hydra
   895 | D        | Reached skill level 12 in Invocations
   895 | D        | Reached XP level 10. HP: 59/86 MP: 3/19
   941 | D        | Reached ****** piety under Makhleb
   968 | D        | Reached skill level 10 in Throwing
   975 | D        | Reached skill level 13 in Invocations
  1049 | D        | Noticed Sonja
  1056 | D        | Killed Sonja
  1080 | D        | Noticed Urug
  1098 | D        | Killed Urug
  1330 | D        | Noticed an orc knight
  1330 | D        | Noticed an orc knight
  1333 | D        | Noticed an orc knight
  1357 | D        | Killed an orc knight
  1368 | D        | Mangled by an orc knight

Skill      XL: |  1  2  3  4  5  6  7  8  9 10 |
---------------+-------------------------------+-----
Dodging        | 3 4 5 6 8 9 10 11 | 11.5
Staves         | 3 4 6 7 9 10 11 12 | 12.0
Throwing       | 2 3 4 6 8 9 10 | 10.5
Fighting       | 3 4 5 7 9 10 11 | 11.6
Stealth        | 1 |  1.8
Invocations    | 4 8 10 12 13 | 13.7

Action                   |  1- 3 |  4- 6 |  7- 9 | 10-12 || total
-------------------------+-------+-------+-------+-------++-------
Melee: Quarterstaff      |    41 |    44 |    86 |   115 ||   286
Invok: Greater Servant o |       |       |       |     2 ||     2
  Use: Potion            |     2 |     2 |     3 |     3 ||    10
  Eat: Chunk             |       |       |       |     1 ||     1
Armor: Leather armour    |     5 |     1 |       |       ||     6
       Ring mail         |       |     3 |     8 |     2 ||    13
       Scale mail        |       |       |       |     3 ||     3
Dodge: Dodged            |    19 |    23 |    66 |    49 ||   157
